 Dungeon Crawl Stone Soup version 0.26.0-10-g1f06aea511 (webtiles) character file.

Game seed: 5065338004623845144

100 Amaterasu the Insei (level 4, -7/28 HPs)
             Began as an Octopode Transmuter on Jan 26, 2021.
             Mangled by Sigmund
             ... wielding a +2 vampiric scythe
              (17 damage)
             ... on level 3 of the Dungeon.
             The game lasted 00:04:55 (2622 turns).

Amaterasu the Insei (Octopode Transmuter)           Turns: 2622, Time: 00:04:56

Health: -7/28      AC:  1    Str:  9    XL:     4   Next: 74%
Magic:  5/7        EV: 13    Int: 22    God:
Gold:   113        SH:  0    Dex: 12    Spells: 1/7 levels left

rFire    . . .     SeeInvis .     - Unarmed
rCold    . . .     Faith    .   (no shield)
rNeg     . . .     Spirit   .   (helmet restricted)
rPois    .         Reflect  .   (no amulet)
rElec    .         Harm     .   e - +6 ring of intelligence
rCorr    .         Rampage  .   (no ring)
Will     .....                  (no ring)
Stlth    ++........             (no ring)
HPRegen  0.09/turn              (no ring)
MPRegen  0.10/turn              (no ring)
                                (no ring)
                                (no ring)

@: no status effects
A: almost no armour, stealthy swim, amphibious, 8 rings, constrict 8, camouflage
1, gelatinous body 1
a: no special abilities


You were on level 3 of the Dungeon.
You visited 1 branch of the dungeon, and saw 3 of its levels.

You collected 113 gold pieces.

Inventory:

Missiles
 g - 5 poisoned darts
Jewellery
 e - a +6 ring of intelligence (left tentacle)
Wands
 h - a wand of random effects (16)
Scrolls
 a - a scroll of remove curse
Potions
 b - a potion of attraction {unknown}
 c - 2 potions of curing {unknown}
 d - a potion of brilliance {unknown}
 f - a potion of haste {unknown}
 j - a potion of flight {unknown}


   Skills:
 - Level 1.0 Fighting
 - Level 2.0 Dodging
 * Level 4.6 Unarmed Combat
 * Level 2.3 Spellcasting
 * Level 2.5 Transmutations
 * Level 1.1 Poison Magic


You had one spell level left.
You knew the following spells:

 Your Spells              Type           Power        Failure   Level
a - Beastly Appendage     Tmut           26%          4%          1
b - Wereblood             Tmut           13%          7%          2
c - Spider Form           Tmut/Pois      5%           19%         3

Your spell library contained the following spells:

 Spells                   Type           Power        Failure   Level
 Ice Form                 Ice/Tmut       8%           61%         4
 Blade Hands              Tmut           6%           78%         5


Dungeon Overview and Level Annotations

Branches:
Dungeon (3/15)

Altars:
Fedhas
Nemelex Xobeh
The Shining One

Annotations:
D:3 Sigmund


Innate Abilities, Weirdness & Mutations

You cannot wear most types of armour.
You are very stealthy in the water. (Stealth+)
You are amphibious.
You can wear up to eight rings at the same time.
You can use your tentacles to constrict eight enemies at once.
Your skin changes colour to match your surroundings (Stealth+).
Your rubbery body absorbs attacks. (AC +1, EV +1)


Message History

Sigmund closely misses you.
You bite Sigmund!
Sigmund is heavily wounded.
You bump into the stone wall.
Sigmund gestures at you while chanting. The puff of flame misses you.
Sigmund misses you. Sigmund gestures at you while chanting.
The magic dart hits you.
You bump into the stone wall.
You feel less confused.
Sigmund hits you with a +2 vampiric scythe.
You hit Sigmund.
Sigmund looks even sicker.
Sigmund is heavily wounded.
You hit Sigmund.
Sigmund is severely wounded.
Your transformation has ended.
Sigmund hits you with a +2 vampiric scythe!
Ouch! That really hurt!
You die...

#.## .## #.# #..##
..# .#.. #...##
#.##....
###....######...P...
##.#..#......#..PPPP.
#._..#######.'.#PP_PP
##.#..#......#..P.PPP
###.@..######...PPP.
#@..## ##.......
#..#######........
#.####..#.........
#####............#
#........)....#
#.[..#.....##..
#.##.#..##.รท..#
#.##....#####.#
#.##..#.# #..


You could see Sigmund (very poisoned).

Vanquished Creatures
  Terence (D:2)
  An adder (D:2)
  3 worms (D:2)
  2 leopard geckos (D:1)
  4 giant cockroaches
  5 goblins
  4 hobgoblins
  7 jackals
  4 kobolds
  5 ball pythons
  6 bats
  4 frilled lizards
  6 rats
52 creatures vanquished.

Notes
Turn   | Place    | Note
-------+----------+-------------------------------------------
     0 | D:1      | Amaterasu the Octopode Transmuter began the quest for the
                  | Orb.
     0 | D:1      | Reached XP level 1. HP: 13/13 MP: 3/3
   136 | D:1      | Reached XP level 2. HP: 10/18 MP: 3/5
  1013 | D:1      | Reached XP level 3. HP: 23/23 MP: 6/6
  1016 | D:1      | Learned a level 2 spell: Wereblood
  1020 | D:1      | Learned a level 3 spell: Spider Form
  1541 | D:2      | Reached skill level 4 in Unarmed Combat
  1863 | D:2      | Found a sparkling altar of Nemelex Xobeh.
  1990 | D:2      | Reached XP level 4. HP: 25/28 MP: 7/7
  2096 | D:2      | Noticed Terence
  2103 | D:2      | Killed Terence
  2104 | D:2      | Reached skill level 1 in Poison Magic
  2578 | D:3      | Found a blossoming altar of Fedhas.
  2590 | D:3      | Noticed Sigmund
  2599 | D:3      | Found a glowing golden altar of the Shining One.
  2622 | D:3      | Mangled by Sigmund

Illustrated notes

Levels and vault maps discovered:
D:1:      sevenhm_arrival_forest_fort_large_4, layout_loops_corners
D:2:      layout_basic, nemelex_xobeh_ov_fountains_minmay, uniq_terence
D:3:      layout_rooms, fedhas_altar_3, nicolae_tso_swordbearing_angel,
          uniq_sigmund, uniq_robin, uniq_crazy_yiuf_cottage

Skill      XL: |  1  2  3  4 |
---------------+-------------+-----
Unarmed Combat | 4 |  4.6
Poison Magic   | 1 |  1.1
Fighting       | |  1.0
Dodging        | |  2.0
Spellcasting   | |  2.3
Transmutations | |  2.5

Action                   |  1- 3 |  4- 6 || total
-------------------------+-------+-------++-------
Melee: Unarmed           |    86 |    45 ||   131
       Constrict         |    23 |     8 ||    31
       Tentacles         |    11 |     6 ||    17
       Kick              |     7 |     3 ||    10
       Punch             |     4 |       ||     4
 Cast: Beastly Appendage |     4 |     3 ||     7
       Wereblood         |     1 |     2 ||     3
       Spider Form       |       |     1 ||     1
  Use: Scroll            |     1 |     2 ||     3
 Stab: Sleeping          |     3 |     1 ||     4
       Distracted        |     1 |       ||     1
Armor: Skin              |     6 |     4 ||    10
Dodge: Dodged            |    54 |    27 ||    81
